[Event "Susha Chess Blitz Women 2022"]
[Site "Shusha"]
[Date "2022.09.24"]
[Round "12"]
[White "Arabidze, Meri"]
[Black "Fataliyeva, Ulviyya"]
[Result "1-0"]
[ECO "A06"]
[WhiteElo "2422"]
[BlackElo "2408"]
[Annotator "TA"]
[PlyCount "121"]
[EventDate "2022.09.24"]
[EventType "tourn"]
[EventCountry "AZE"]
[SourceTitle "playchess.com"]
[Source "ChessBase"]
[SourceQuality "1"]
[TimeControl "180+2"]

1. Nf3 d5 2. g3 Bg4 3. Bg2 Nd7 4. h3 Bxf3 5. Bxf3 c6 6. Bg2 {[%emt 0:00:02] A07: Réti Opening: New York and Capablanca Systems.} Ngf6 7. d4 e6 8. O-O {[%emt 0:00:02] [#] The position is equal.} Be7 $146 ({Predecessor:} 8... Qb6 9. c3 Bd6 10. Qb3 O-O 11. Nd2 e5 12. dxe5 Nxe5 13. e4 dxe4 14. Nxe4 Nxe4 15. Bxe4 Qxb3 16. axb3 {½-½ (30) Steczek,M (2370)-Rudolf,M (2339) Jastrzebia Gora 2016}) 9. c4 O-O 10. Qc2 Rc8 11. Rd1 Re8 12. b3 Bf8 13. Bb2 g6 (13... c5 {seems wilder.} 14. dxc5 Bxc5 15. Nc3 dxc4 16. bxc4 Qc7) 14. Nc3 Bg7 (14... b5 $11) 15. e3 Qc7 16. Rac1 Qb8 17. Qe2 a6 18. Rc2 b5 19. Rdc1 dxc4 20. bxc4 b4 21. Nb1 c5 22. Nd2 e5 (22... a5 $11 {keeps the balance.}) 23. dxc5 ({White should try} 23. dxe5 $16 Nxe5 24. f4) 23... Nxc5 $11 24. Nb3 Nfd7 25. Bd5 e4 26. Bxg7 Kxg7 27. Rd1 Nxb3 (27... Qc7 $15) 28. axb3 {[%emt 0:00:01][%cal Od5f7] Black must now prevent Bxf7!} Nc5 29. Rb2 Qe5 30. Rd4 Rb8 31. Rb1 Rb6 32. Qb2 Nd3 (32... a5 $15) 33. Qd2 f5 34. Rxd3 exd3 35. Qxd3 Rd6 36. Qd2 a5 37. Qa2 Ra6 38. Qa4 Re7 39. Qb5 Qf6 (39... Rea7 $11) 40. Rd1 (40. Qb8 Rd7 $11) (40. c5 $1 $16) 40... Qb6 {[%emt 0:00:03] aiming for ...Qxb5.} 41. Qxb6 (41. Qa4 $11) 41... Rxb6 {[%emt 0:00:01][%mdl 4096] Endgame KRR-KRB} 42. Ra1 Ra7 43. Ra4 Rd6 (43... Kf8 $17) 44. Kf1 {[%emt 0:00:01] [#]} Kf6 (44... g5 $1 $17) 45. Ke2 Ke5 46. Kd3 Rda6 47. f4+ Kd6 48. Kd4 Re7 49. Ra1 h6 50. g4 Rea7 51. gxf5 gxf5 52. Rg1 {[%emt 0:00:02][%cal Od5b7] And now Bb7! would win.} Ke7 53. c5 {[%emt 0:00:03] Bc4 is the strong threat.} a4 54. bxa4 Rxa4 55. Ke5 R4a6 (55... R4a5 $11 {remains equal.}) 56. Rg7+ $16 {[%emt 0:00:01][%mdl 1024] White has strong compensation.} (56. Kxf5 Rc7 $14) 56... Kf8 $2 {[%emt 0:00:02][%mdl 8192] [#]} (56... Kd8 $16 {is a better chance.} 57. Bb7 b3 58. Rg8+ Kc7 59. Bxa6 Rxa6) 57. Rg8+ $2 (57. Rxa7 $1 $18 Rxa7 58. Kd6 (58. Kxf5 $2 Ra5 $19)) 57... Ke7 58. c6 {[%emt 0:00:02] White has more active pieces.} (58. Kxf5 $16 {Hoping for e4.} Rc7 59. e4 (59. Rg7+ Kd8 $11)) 58... Ra8 $2 (58... Ra5 $14) 59. Rg7+ {White mates.} Kd8 60. Kd6 Rxc6+ 61. Bxc6 {[%emt 0:00:01] Weighted Error Value: White=0.24 (precise) /Black=0.38} 1-0

[Event "Susha Chess Blitz Women 2022"]
[Site "Shusha"]
[Date "2022.09.24"]
[Round "12"]
[White "Mammadova, Gulnar"]
[Black "Balajayeva, Khanim"]
[Result "1/2-1/2"]
[ECO "A38"]
[WhiteElo "2382"]
[BlackElo "2379"]
[Annotator "TA"]
[PlyCount "47"]
[EventDate "2022.09.24"]
[EventType "tourn"]
[EventCountry "AZE"]
[SourceTitle "playchess.com"]
[Source "ChessBase"]
[SourceQuality "1"]
[TimeControl "180+2"]

1. c4 c5 2. Nc3 Nf6 3. Nf3 Nc6 4. g3 g6 5. Bg2 Bg7 6. O-O O-O 7. e4 e5 8. d3 d6 9. Nd5 Nxd5 10. cxd5 Nd4 11. Nxd4 cxd4 12. Bd2 {[%emt 0:00:21] A36: Symmetrical English vs ...g6: 4 Bg2 Bg7.} Bd7 {[%emt 0:00:09] [#] An uneventful encounter.} {Predecessor:} 13. Rc1 $146 Rc8 14. Rxc8 Qxc8 15. Qc1 Qxc1 16. Rxc1 Rc8 17. Rxc8+ Bxc8 18. b4 b5 19. h4 h5 20. Kh2 Kh7 21. Bh3 Bxh3 22. Kxh3 Bh6 23. Bxh6 Kxh6 24. Kg2 {½-½ (24) Cotic,B (2043)-Simunic,K (2058) Hvar 2019} 1/2-1/2

[Event "Susha Chess Blitz Women 2022"]
[Site "Shusha"]
[Date "2022.09.24"]
[Round "12"]
[White "Ozturk Orenli, Kubra"]
[Black "Zawadzka, Jolanta"]
[Result "1-0"]
[ECO "D02"]
[WhiteElo "2319"]
[BlackElo "2401"]
[Annotator "TA"]
[PlyCount "85"]
[EventDate "2022.09.24"]
[EventType "tourn"]
[EventCountry "AZE"]
[SourceTitle "playchess.com"]
[Source "ChessBase"]
[SourceQuality "1"]
[TimeControl "180+2"]

1. d4 d5 2. Nf3 Nf6 3. Bf4 c5 4. e3 Nc6 5. Be2 Nh5 6. Be5 {[%emt 0:00:37] D02: 1 d4 d5 2 Nf3 sidelines, including 2...Nf6 3 g3 and 2...Nf6 3 Bf4.} f6 7. Bg3 g6 8. O-O {[%emt 0:00:05] [#] White has an edge.} Bg7 $146 (8... Nxg3 $11 9. hxg3 cxd4) ({Predecessor:} 8... Nxg3 9. hxg3 cxd4 10. exd4 Bg7 11. c4 e6 12. Nc3 O-O 13. Re1 Kh8 14. Rc1 Ne7 {0-1 (47) Caruana,F (2792)-Vokhidov,S (2536) Chess.com INT 2022}) 9. c4 (9. dxc5 $16 Nxg3 10. hxg3) 9... Nxg3 10. hxg3 cxd4 11. cxd5 Qxd5 12. Nc3 Qa5 13. exd4 {[%emt 0:00:05] Hoping for d5.} (13. Nxd4 $5 O-O 14. Qb3+ Kh8 15. Rad1 $14) 13... O-O 14. d5 Nb8 (14... Ne5 $14 {might be stronger.}) 15. Re1 Kh8 16. Bd3 Qb4 (16... Qd8 $16) 17. a3 $18 Qd6 18. Qe2 Re8 19. Rac1 {[%emt 0:00:06] Black must now prevent Nb5.} a6 {[%emt 0:00:04] Prevents Nb5.} 20. Nd4 (20. Ne4 $16 Qb6 21. Nc5) 20... Bd7 (20... e5 $11 {keeps the balance.}) 21. Qf3 {[%emt 0:00:08] White is more active.} e5 22. dxe6 $1 ({Of course not} 22. Ne6 $6 Bxe6 23. dxe6 Nc6 $11) 22... Bc6 {[%emt 0:00:03] [#]} (22... Qxd4 $16 {was necessary.} 23. exd7 Nxd7) 23. Nxc6 $2 (23. Nf5 $1 $18 {[%cal Rf5d6][%mdl 512] is the precise move to win.} Qd8 24. Qe2 gxf5 25. e7) 23... Nxc6 $16 24. Bc4 Ne5 (24... f5 $142) 25. Qd5 (25. Qe2 $16) 25... Qe7 26. Ba2 Rad8 27. Qe4 Nd3 {[%emt 0:00:01] aiming for ...f5.} 28. Nd5 $36 {[%emt 0:00:01][%cal Bc3d5,Bd5f4,Bf4e6][%mdl 2080] Keeping Black busy.} Qd6 (28... Rxd5 $16 29. Bxd5 Nxe1) 29. Qxd3 $18 Rxe6 30. Rxe6 Qxe6 31. Qe3 Qd7 (31... Qxe3 32. Nxe3 f5) 32. Re1 f5 33. Nf4 Qb5 {[%emt 0:00:03] [#]} 34. b4 (34. Nxg6+ $142 $1 hxg6 35. Qg5 Qd7 36. Qh4+ Bh6 37. Qxh6+ Qh7 38. Qg5 Rd7 39. Qf6+ Qg7 40. Re8+ Kh7 41. Qh4+ Qh6 {[#]} 42. Rh8+ $3 Kg7 43. Rxh6) 34... Rf8 {[%emt 0:00:02] White is clearly winning.} 35. Ne6 Re8 36. Qd2 Bf6 37. Rd1 {[%emt 0:00:03] Qh6 would kill now.} Qa4 38. Qd7 Qxd7 39. Rxd7 b5 40. Kf1 Rc8 41. Bd5 h5 42. Nf4 Rc1+ 43. Ke2 {[%emt 0:00:01] Weighted Error Value: White=0.50/Black=0.78} 1-0

[Event "Susha Chess Blitz Women 2022"]
[Site "Shusha"]
[Date "2022.09.24"]
[Round "13"]
[White "Dzagnidze, Nana"]
[Black "Fataliyeva, Ulviyya"]
[Result "0-1"]
[ECO "D31"]
[WhiteElo "2526"]
[BlackElo "2408"]
[Annotator "TA"]
[PlyCount "52"]
[EventDate "2022.09.24"]
[EventType "tourn"]
[EventCountry "AZE"]
[SourceTitle "playchess.com"]
[Source "ChessBase"]
[SourceQuality "1"]
[TimeControl "180+2"]

1. d4 d5 2. c4 e6 3. Nc3 a6 4. cxd5 exd5 5. Nf3 h6 6. Bf4 {[%emt 0:00:03] D31: Queen's Gambit Declined: Semi-Slav without ...Nf6 (+ Marshall Gambit and Noteboom) and Exchange Variation lines without ...Nf6.} Nf6 7. e3 Bd6 8. Be5 {[%emt 0:00:06] White has an edge.} c6 9. Bd3 O-O 10. h3 Re8 11. O-O Bxe5 12. Nxe5 c5 {[%emt 0:00:00] [#]} 13. b3 $146 ({Predecessor:} 13. a4 cxd4 14. exd4 Nc6 15. Nxc6 bxc6 16. a5 Rb8 17. Qd2 Qd6 18. Na4 Ne4 19. Bxe4 dxe4 {½-½ (45) Predke,A (2580)-Grandelius,N (2651) Riga 2021}) 13... Qd6 14. Rc1 b6 15. Bb1 Nbd7 16. Nd3 cxd4 17. exd4 Ne4 18. Re1 Bb7 19. Na4 Bc6 20. Qc2 Rec8 21. Ne5 Bb7 22. Qd3 ({White should try} 22. Qe2 $11 Rxc1 23. Rxc1 Nxe5 24. dxe5 Qxe5 25. Bxe4 dxe4 26. Nxb6) 22... Rxc1 $15 23. Rxc1 Nxe5 24. dxe5 Qxe5 {[%emt 0:00:01][%cal Oe4f2] ...Nxf2! is the strong threat.} 25. Nxb6 Rd8 {[%emt 0:00:07] aiming for ...Qf6.} (25... Re8 $5 26. Qe2 d4 $11) 26. Re1 $2 {[%emt 0:00:09] [#]} (26. Qe2 $11 {and White is okay.}) 26... Qf6 $1 {[%emt 0:00:02][%csl LRb6,LRf2] Weighted Error Value: White=0.29 (precise) /Black=0.09 (flawless)} 0-1

[Event "Susha Chess Blitz Women 2022"]
[Site "Shusha"]
[Date "2022.09.24"]
[Round "13"]
[White "Mammadzada, Gunay"]
[Black "Efroimski, Marsel"]
[Result "1-0"]
[ECO "B32"]
[WhiteElo "2473"]
[BlackElo "2462"]
[Annotator "TA"]
[PlyCount "73"]
[EventDate "2022.09.24"]
[EventType "tourn"]
[EventCountry "AZE"]
[SourceTitle "playchess.com"]
[Source "ChessBase"]
[SourceQuality "1"]
[TimeControl "180+2"]

1. e4 c5 2. Nf3 Nc6 3. d4 cxd4 4. Nxd4 e5 5. Nb5 d6 6. N1c3 a6 7. Na3 Be6 8. Nc4 Rb8 {[%emt 0:00:06] Nowadays more popular than 8...b5. B32: Sicilian: Löwenthal and Kalashnikov Variations.} 9. Ne3 Nf6 10. g3 Nd4 {[%emt 0:00:10] White has an edge.} 11. Bg2 {[%emt 0:00:03] [#]} Qd7 $146 (11... Rc8 $14) ({Predecessor:} 11... Rc8 12. O-O Be7 13. f4 O-O 14. f5 Bd7 15. Rf2 Bc6 16. Bd2 b5 17. Ncd5 Bxd5 18. exd5 {1-0 (60) Duda,J (2411)-Paravyan,D (2271) Prague 2012}) 12. h4 g6 13. Ncd5 Bxd5 14. exd5 ({But not} 14. Nxd5 Nxd5 15. c3 Nxc3 $1 16. bxc3 Ne6 $15) 14... Bg7 15. c3 Nb5 16. a4 Nc7 17. h5 Nxh5 18. Rxh5 gxh5 19. Qxh5 {[%emt 0:00:03] And now Nf5 would win.} Bf6 (19... Kf8 $16) 20. Bh3 Qd8 21. Be6 {[%emt 0:00:14] White is much more active.} (21. Nf5 $16) 21... Nxe6 $11 22. dxe6 O-O 23. e7 Qxe7 (23... Bxe7 $11 {and Black is okay.} 24. Nf5 Kh8) 24. Nf5 $18 Qe6 25. Bh6 Kh8 {[%emt 0:00:08] [#] ...Rg8 is the strong threat.} 26. Bxf8 (26. O-O-O $142 $1 Rfd8 27. Kc2) 26... Rxf8 27. O-O-O $40 {[%emt 0:00:02][%mdl 128] White wants a kill.} d5 (27... Rg8 $16 28. Nxd6 Rg7) 28. Rh1 Bg5+ 29. Qxg5 Qg6 {[%emt 0:00:01] Prevents Qg7+.} 30. Rh5 {[%emt 0:00:05][%cal Og5e7] Black must now prevent Qe7!} Rg8 31. Qh4 {[%emt 0:00:03] Intending Ne7 and mate.} Re8 32. Ne3 (32. Rg5 $142 Qb6 33. Rg7) 32... d4 33. Nd5 {[%emt 0:00:01] Nf6 would kill now.} d3 34. Nf6 {[%emt 0:00:01] White mates.} d2+ 35. Kxd2 Rd8+ 36. Kc1 Kg7 37. Rxh7+ {[%emt 0:00:01] Weighted Error Value: White=0.50/Black=0.98} 1-0

[Event "Susha Chess Blitz Women 2022"]
[Site "Shusha"]
[Date "2022.09.24"]
[Round "13"]
[White "Arabidze, Meri"]
[Black "Balajayeva, Khanim"]
[Result "1-0"]
[ECO "A06"]
[WhiteElo "2422"]
[BlackElo "2379"]
[Annotator "TA"]
[PlyCount "137"]
[EventDate "2022.09.24"]
[EventType "tourn"]
[EventCountry "AZE"]
[SourceTitle "playchess.com"]
[Source "ChessBase"]
[SourceQuality "1"]
[TimeControl "180+2"]

1. Nf3 d5 2. g3 Nf6 3. Bg2 Bf5 4. O-O c6 5. d3 e6 6. Nbd2 h6 7. Qe1 Be7 8. e4 Bh7 9. Qe2 O-O 10. b3 {[%emt 0:00:17] The main line 10.b3 scores better than 10.Re1.} a5 {[%emt 0:00:02] A07: Réti Opening: New York and Capablanca Systems.} 11. a3 c5 12. Re1 Nc6 {[%emt 0:00:01] The position is equal.} 13. Bb2 a4 {[%emt 0:00:08] [#]} 14. Ne5 $146 ({Predecessor:} 14. exd5 exd5 15. bxa4 Rxa4 16. Rab1 b5 17. Ne5 Nxe5 18. Bxe5 Qd7 19. Nb3 Rxa3 20. Bd4 {1-0 (64) Vorobiov,E (2585)-Geller,J (2549) Pardubice 2013}) 14... axb3 15. Nxc6 bxc6 16. cxb3 Qc7 17. Rec1 Qb7 18. a4 Rfb8 19. Ba3 Nd7 20. d4 Qa7 (20... Bf6 $15 21. e5 Bd8 22. Bxc5 (22. dxc5 Ba5 $17) 22... Nxc5 23. dxc5 (23. Rxc5 Bb6 $17) 23... Ra5) 21. exd5 (21. dxc5 {is interesting.} Bxc5 22. Bxc5 Nxc5 23. Qe3) 21... cxd5 22. Bxd5 exd5 23. Qxe7 cxd4 (23... Re8 $11 24. Qd6 Re2) 24. Qd6 {[%emt 0:00:02] Hoping for Rc7.} Nf6 {[%emt 0:00:09] [#]} (24... Rc8 $142) 25. Bc5 $1 $16 Qb7 (25... Qa5 $2 26. b4 Qd8 27. Qxd8+ Rxd8 28. Bxd4) 26. Bxd4 Ne4 27. Nxe4 Bxe4 28. Rc7 Qa6 29. Qe5 {[%emt 0:00:07][%csl Gd4][%cal Re5g7] Dancing on a razor blade.} Qg6 30. Rc6 $40 {[%emt 0:00:08][%mdl 128] White attacks. White is much more active.} f6 $14 31. Qe6+ Kh7 32. Rc7 {[%emt 0:00:02] Black must now prevent f3.} Re8 $2 (32... Rxb3 $14 33. Qxf6 Qxf6 34. Bxf6 Kg6 35. Bxg7 Rxa4) 33. Qxf6 $1 $18 Qxf6 34. Bxf6 Kg6 35. Bxg7 Rab8 36. Bd4 {[%emt 0:00:05] Rg7+ is the strong threat.} Rxb3 37. Rc6+ Kh7 38. Rc7+ Kg6 39. a5 Reb8 $2 (39... Rb4 {was called for.} 40. Rc6+ Kf7) 40. Rc6+ Kh7 41. Rcc1 R3b4 42. Bc5 Rc4 43. a6 Ra8 44. a7 Kg6 45. Bb6 Bf5 46. h4 Bc8 47. Rxc4 dxc4 {[%mdl 4096] Endgame KRB-KRB} 48. Rc1 Ba6 (48... Be6 $142 49. f4 Bd5) 49. f4 Rc8 (49... Kf5 $142 50. Kf2 Bb5) 50. Kf2 Kf5 {[%emt 0:00:04] [#]} 51. Bc7 $1 Ke4 (51... Bb7 52. Rxc4) 52. Bb8 Bb7 53. Rc3 $2 (53. Rb1 Ba8 54. Bd6) 53... Kd4 54. Be5+ Ke4 55. g4 Ba8 56. g5 hxg5 57. hxg5 Kf5 58. Ke3 {[%emt 0:00:01] aiming for Kd4.} Bd5 59. Kd4 Ba8 60. Rxc4 Rd8+ 61. Kc3 Rd7 62. Rc7 Rd1 63. Kb2 Be4 64. Rf7+ Kg6 65. Rg7+ Kf5 66. Rf7+ Kg6 $1 67. Rf8 {[%emt 0:00:01] White is clearly winning.} Rb1+ 68. Ka2 Rb5 69. a8=Q {[%emt 0:00:02] Weighted Error Value: White=0.38/Black=0.45} 1-0

[Event "Susha Chess Blitz Women 2022"]
[Site "Shusha"]
[Date "2022.09.24"]
[Round "13"]
[White "Mammadova, Gulnar"]
[Black "Zawadzka, Jolanta"]
[Result "1-0"]
[ECO "B47"]
[WhiteElo "2382"]
[BlackElo "2401"]
[Annotator "TA"]
[PlyCount "59"]
[EventDate "2022.09.24"]
[EventType "tourn"]
[EventCountry "AZE"]
[SourceTitle "playchess.com"]
[Source "ChessBase"]
[SourceQuality "1"]
[TimeControl "180+2"]

1. e4 c5 2. Nf3 e6 3. d4 cxd4 4. Nxd4 Nc6 5. Nc3 Qc7 6. f4 a6 7. Nxc6 Qxc6 8. Bd3 b5 9. Qe2 Bb7 10. Bd2 Rc8 {[%emt 0:00:01] B47: Sicilian: Taimanov: 5 Nc3 Qc7 6 f4, 6 g3 and 6 Be2.} 11. O-O-O ({Better is} 11. a3 $14) 11... b4 $1 $15 12. Nd5 a5 $2 (12... Qa4 $1 $17 {keeps the pressure on. Hoping for ...b3.} 13. c4 exd5 14. exd5+ Kd8) 13. Kb1 ({White should play} 13. Be1 $18) 13... Ne7 {[%emt 0:00:03] [#]} 14. Ne3 $146 {[%emt 0:00:32] White is more active.} ({Predecessor:} 14. Nxe7 Bxe7 15. h4 O-O 16. h5 a4 17. g4 b3 18. cxb3 axb3 19. a3 Qa4 20. Rc1 {0-1 (68) Kevlishvili,R (2417)-Spoelman,W (2584) Chess.com INT 2017}) 14... Ng6 (14... Qc7 $16) 15. Rhf1 $18 Qc7 16. g3 Bc5 17. h4 $1 O-O 18. e5 (18. h5 $1 $16 ) 18... Ne7 $11 19. h5 a4 20. f5 Qxe5 {[%emt 0:00:21] ...a3 is the strong threat.} 21. f6 {[%emt 0:00:10][%cal Oe2g4] And now Qg4! would win.} gxf6 (21... a3 $5 22. Bc1 gxf6 $11) 22. Qg4+ Kh8 $2 (22... Qg5 $11 {and Black stays safe.} 23. Rxf6 Bxe3 24. Qxg5+ Bxg5 25. Bxg5 Nd5) 23. Nc4 $18 {[%emt 0:00:02] Chess con chili.} (23. h6 Rg8 24. Qh4 Ng6 25. Qxf6+ Qxf6 26. Rxf6 Ne5 $19) 23... f5 {[%emt 0:00:24] [#]} 24. Qh4 $1 ({Less strong is} 24. Nxe5 fxg4 25. Nxd7 Bf3 $16) 24... Qg7 {[%emt 0:00:05] aiming for ...f6.} 25. g4 $4 (25. h6 $18 Qd4 26. Rf4 (26. Qxd4+ Bxd4 27. Bxb4 Bc5 $17)) 25... d5 $4 (25... fxg4 $2 26. h6 Qd4 27. Be3 $18) (25... Qxg4 $19 26. Qxg4 fxg4) 26. gxf5 $2 (26. h6 Qd4 27. Be3) 26... Nxf5 ({Not} 26... dxc4 27. f6 Qg2 28. fxe7 Bxe7 29. Qxe7 cxd3 30. cxd3 $16) 27. Bxf5 {[%emt 0:00:04] Threatens to win with h6.} exf5 $2 {[%emt 0:00:03] [#]} (27... dxc4 28. h6 Qe5 29. Rde1 $18) (27... h6) 28. h6 $1 Qg4 29. Qf6+ Kg8 {[%emt 0:00:01] [#]} 30. Bg5 $1 {[%emt 0:00:04] Weighted Error Value: White=0.88/Black=0.83} 1-0

[Event "Susha Chess Blitz Women 2022"]
[Site "Shusha"]
[Date "2022.09.24"]
[Round "13"]
[White "Ozturk Orenli, Kubra"]
[Black "Beydullayeva, Govhar"]
[Result "0-1"]
[ECO "A40"]
[WhiteElo "2319"]
[BlackElo "2346"]
[Annotator "TA"]
[PlyCount "114"]
[EventDate "2022.09.24"]
[EventType "tourn"]
[EventCountry "AZE"]
[SourceTitle "playchess.com"]
[Source "ChessBase"]
[SourceQuality "1"]
[TimeControl "180+2"]

1. d4 Nf6 2. c4 e6 3. g3 d5 4. Nf3 Bb4+ 5. Bd2 Be7 6. Bg2 c6 7. O-O Nbd7 8. Qc2 b6 9. b3 Ba6 {[%emt 0:00:00] 9...Bb7 is setting a new trend.} 10. Bf4 Rc8 {[%emt 0:00:17] E15: Queen's Indian: 4 g3 sidelines, 4 g3 Ba6 and 4 g3 Bb7 early deviations.} 11. Nc3 {[%emt 0:00:53][%cal Bb1c3,Bc3e4,Be4d6][%mdl 32] [#]} dxc4 $146 ({Predecessor:} 11... O-O 12. Rfd1 Re8 13. e4 dxc4 14. Nd2 b5 15. bxc4 bxc4 16. Na4 c5 17. d5 exd5 18. exd5 {½-½ (36) Ehlvest,J (2610)-Almasi,Z (2669) Moscow 2007}) 12. bxc4 Bxc4 {[%emt 0:00:01] The position is equal.} 13. Ne5 ({White must play} 13. Nd2 $1 $14 b5 14. Nxc4 bxc4 15. e4) 13... Nxe5 $15 14. dxe5 Nd5 15. Rfd1 Qc7 (15... O-O $17) 16. Ne4 $11 {[%emt 0:00:02] Strongly threatening Nd6+.} Nxf4 17. gxf4 Bd5 (17... b5 $15) 18. Nd6+ $1 $14 Bxd6 19. exd6 Qxd6 20. e4 {[%emt 0:00:01] Inhibits f5.} Qxf4 (20... O-O $14) 21. exd5 $16 exd5 22. Bxd5 O-O 23. Bg2 (23. Bxc6 $142 Qg5+ 24. Kh1) 23... c5 24. Rd3 c4 25. Rf3 Qg5 26. Rg3 $40 {[%emt 0:00:02][%mdl 128] White goes for the king.} Qf6 {[%emt 0:00:01] [#]} 27. Qc3 Qh6 (27... Qxc3 $142 28. Rxc3 b5) 28. Kh1 (28. a4 $16) 28... Rfd8 (28... g6 $14) 29. Rg1 ({White should play} 29. Re1 $16) 29... g6 $14 30. Re3 Qf4 ({Black should try} 30... Qg7 $14) 31. Rf3 (31. Rge1 $16) 31... Qd2 32. Qf6 Qd7 (32... Rc7 $11) 33. Bh3 $18 {[%emt 0:00:04] White wants to mate with Rxg6+.} Qd5 34. Bxc8 Rxc8 35. Re1 c3 36. Qf4 $2 (36. Kg1 $18) 36... c2 $17 37. Kg2 {[%emt 0:00:01] [#]} g5 {[%emt 0:00:02][%cal Bg6g5,Bg5g4][%mdl 32] Black is more active.} 38. Qe3 (38. Qf5 $17 Qxf5 39. Rxf5) 38... g4 $19 {[%emt 0:00:03][%mdl 64] Pin} 39. Qc1 Qxf3+ {[%mdl 4096] Endgame KQR-KQR} 40. Kg1 Qc3 41. Re3 Qd4 {[%emt 0:00:05] ( -> ...Qd1+)} 42. Re1 {[%emt 0:00:01] Prevents Qd1.} Qf6 {[%emt 0:00:08] White must now prevent ...h5.} 43. Re2 Qf5 {[%emt 0:00:03] Hoping for ...h5.} 44. Rd2 b5 45. a3 a5 {[%emt 0:00:01] And now ...b4 would win.} 46. Rd4 {[%emt 0:00:02] Against b4} Qf3 $2 ({Better is} 46... h5 $19 {[%cal Ob5b4] aiming for ...b4!} 47. Kg2 b4) 47. Qg5+ $11 Kh8 48. Qc1 $2 (48. Rd8+ $11 Rxd8 49. Qxd8+ Kg7 50. Qg5+ Kh8 51. Qd8+ Kg7 52. Qg5+ Kh8 53. Qd8+) 48... Qc3 49. Rxg4 Rg8 (49... Qf3 $142 50. h3 Qd1+ 51. Qxd1 cxd1=Q+ 52. Kg2 Rc1 53. Kg3 Rc3+ 54. Kh2 Qf3 55. Rg3 Qxf2+ 56. Rg2 Qf4+ 57. Kh1 Rxh3+ 58. Kg1 Qf3 59. Rg8+ Kxg8 60. a4 Rh1#) 50. Rg3 Rxg3+ 51. hxg3 {[%emt 0:00:01] KQ-KQ} Qd3 (51... b4 $142 52. axb4 axb4) 52. Kg2 Qd1 53. Qf4 c1=Q {[%emt 0:00:02][%csl Gc1][%cal Rd1h1] Black mates.} 54. Qe5+ Kg8 55. Qe8+ Kg7 56. Qe5+ Kg6 57. Qe4+ Kf6 {[%emt 0:00:01] Weighted Error Value: White=0.90/Black=0.67} 0-1

[Event "Susha Chess Blitz Women 2022"]
[Site "Shusha"]
[Date "2022.09.24"]
[Round "14"]
[White "Efroimski, Marsel"]
[Black "Mammadzada, Gunay"]
[Result "1/2-1/2"]
[ECO "B50"]
[WhiteElo "2462"]
[BlackElo "2473"]
[Annotator "TA"]
[PlyCount "41"]
[EventDate "2022.09.24"]
[EventType "tourn"]
[EventCountry "AZE"]
[SourceTitle "playchess.com"]
[Source "ChessBase"]
[SourceQuality "1"]
[TimeControl "180+2"]

1. e4 c5 2. Nf3 d6 3. Nc3 Nf6 4. e5 dxe5 5. Nxe5 a6 6. g3 {[%emt 0:00:01] B50: Sicilian: 2...d6, Miscellaneous.} Qd6 $1 {[%emt 0:00:02][%mdl 4] is recently more successful than 6...Qc7.} 7. Nc4 Qc6 8. Rg1 {[%emt 0:00:06] Black has an edge.} Bg4 9. Be2 h5 10. Ne5 {[%emt 0:00:45] [#]} Qd6 $146 ({Predecessor:} 10... Qe6 11. d4 cxd4 12. Qxd4 Bxe2 13. Nxe2 Nc6 14. Nxc6 Qxc6 15. Qc3 Qxc3+ 16. Nxc3 Rc8 {1-0 (47) Abdusattorov,N (2627)-Yuan,Q (2373) Chess.com INT 2021}) 11. Nxg4 hxg4 12. Bxg4 Rxh2 {[%emt 0:00:11] [#] Strongly threatening ...Qd4.} 13. Bf3 $1 Nc6 14. Bxc6+ (14. d3 $11) 14... Qxc6 $17 15. d3 O-O-O (15... c4 $17 16. dxc4 Rd8) 16. Qe2 Rh1 (16... c4 $15) 17. Rxh1 $11 {[%emt 0:00:03] The position is equal.} Qxh1+ 18. Qf1 Qf3 19. Qe2 Qh1+ 20. Qf1 Qf3 21. Qe2 {[%emt 0:00:39] Weighted Error Value: White=0.16 (very precise) /Black=0.11 (very precise)} 1/2-1/2